 Dungeon Crawl Stone Soup version 0.30.0-19-g36f170ea60 (webtiles) character file.

Game seed: 9087404332775487300

99302 cdecastro the Severer (level 16, -6/157 HPs)
             Began as a Hill Orc Fighter on May 29, 2023.
             Was a Believer of Uskayaw.
             Mangled by a tarantella (15 damage)
             ... on level 1 of the Spider Nest.
             The game lasted 01:24:26 (32488 turns).

cdecastro the Severer (Hill Orc Fighter)           Turns: 32488, Time: 01:24:27

Health: -6/157     AC: 36    Str: 27    XL:     16   Next: 24%
Magic:  28/28      EV:  4    Int:  8    God:    Uskayaw [**....]
Gold:   890        SH:  0    Dex: 10    Spells: 15/15 levels left

rFire   . . .        a - +2 battleaxe
rCold   . . .        (shield currently unavailable)
rNeg    . . .        g - +8 crystal plate armour of Exclusion {rElec}
rPois   +            C - +0 helmet
rElec   +            P - +1 cloak {Stlth+}
rCorr   .            v - +0 pair of gloves
SInv    .            l - +0 pair of boots
Will    ++...        x - amulet of the acrobat Stlth
                     c - ring of willpower
HPRegen 0.46/turn    Q - ring of poison resistance
MPRegen 0.21/turn

%: acrobat
@: held
A: no striking features
a: Renounce Religion, Stomp, Line Pass


You were on level 1 of the Spider Nest.
You worshipped Uskayaw.
Uskayaw was most pleased with you.
You visited 5 branches of the dungeon, and saw 24 of its levels.
You also visited: Volcano.

You collected 3565 gold pieces.
You spent 2675 gold pieces at shops.

Inventory:

Hand Weapons
 a - a +2 battleaxe (weapon)
 b - a +1 war axe of flaming
Missiles
 p - 6 javelins
 q - 5 datura-tipped darts
 H - 2 curare-tipped darts (quivered)
 M - 5 atropa-tipped darts
 O - 12 boomerangs
Armour
 g - the +8 crystal plate armour of Exclusion (worn) {rElec}
   (You bought it in a shop on level 8 of the Dungeon)

   rElec:     It insulates you from electricity.
 l - a +0 pair of boots (worn)
 v - a +0 pair of gloves (worn)
 C - a +0 helmet (worn)
 P - a +1 cloak of stealth (worn)
Jewellery
 c - a ring of willpower (left hand)
 x - an amulet of the acrobat (around neck)
 A - a ring of see invisible
 Q - a ring of poison resistance (right hand)
 W - an amulet of reflection
 X - a ring of fire
Wands
 u - a wand of mindburst (4)
 z - a wand of digging (14)
 G - a wand of flame (18)
 J - a wand of iceblast (38)
 R - a wand of quicksilver (4)
Scrolls
 f - 2 scrolls of teleportation
 k - 2 scrolls of torment
 m - 5 scrolls of immolation
 n - 2 scrolls of vulnerability
 w - 8 scrolls of magic mapping
 D - 5 scrolls of fog
 I - a scroll of poison
 L - 5 scrolls of silence
 V - a scroll of fear
Potions
 d - a potion of attraction
 e - 4 potions of cancellation
 h - 3 potions of flight
 i - 4 potions of resistance
 j - 9 potions of curing
 o - 2 potions of lignification
 s - a potion of might
 t - 2 potions of heal wounds
 E - a potion of berserk rage
 Y - 3 potions of haste
 Z - 5 potions of invisibility
Miscellaneous
 y - a tin of tremorstones (2/2)
 N - a box of beasts
 S - a phial of floods
 T - a lightning rod (4/4)
 U - a phantom mirror


   Skills:
 + Level 17.9 Fighting
 - Level 18.0 Axes
 - Level 12.0 Armour
 - Level 10.0 Dodging
 - Level 3.2 Shields
 - Level 16.0 Invocations
 - Level 5.0 Evocations


You had 15 spell levels left.
You didn't know any spells.
Your spell library contained the following spells:

 Spells                   Type           Power      Damage    Failure   Level
 Kiss of Death            Conj/Necr      0%         2d5       100%        1
 Magic Dart               Conj           0%         1d3       100%        1
 Sandblast                Erth           0%         2d4       100%        1
 Call Imp                 Summ           0%         N/A       100%        2
 Cigotuvi's Dreadful Rot  Necr/Pois/Air  0%         N/A       100%        2
 Ensorcelled Hibernation  Hex/Ice        0%         N/A       100%        2
 Passwall                 Tmut/Erth      0%         N/A       100%        2
 Poisonous Vapours        Pois/Air       0%         N/A       100%        2
 Confusing Touch          Hex            0%         N/A       100%        3
 Frozen Ramparts          Ice            0%         1d1       100%        3
 Ignite Poison            Fire/Tmut/Pois 0%         N/A       100%        3
 Mephitic Cloud           Conj/Pois/Air  0%         N/A       100%        3
 Ozocubu's Armour         Ice            0%         N/A       100%        3
 Stone Arrow              Conj/Erth      0%         3d7       100%        3
 Swiftness                Air            0%         N/A       100%        3
 Dispel Undead            Necr           0%         3d6       100%        4
 Ice Form                 Ice/Tmut       0%         N/A       100%        4
 Summon Ice Beast         Ice/Summ       0%         N/A       100%        4
 Freezing Cloud           Conj/Ice/Air   0%         6-21      100%        5
 Ozocubu's Refrigeration  Ice            0%         4d7       100%        7


Dungeon Overview and Level Annotations

Branches:
Dungeon (15/15)            Temple (1/1) D:5            Lair (5/5) D:9
 Shoals (0/4) Lair:3       Spider (1/4) Lair:3        Slime (0/5) Lair:4
    Orc (2/2) D:10            Elf (0/3) Orc:2        Vaults (0/5) D:13
 Depths (0/4) D:15        Volcano (visited)

Altars:
Ashenzari
Cheibriados
Dithmenos
Elyvilon
Fedhas
Gozag
Hepliaklqana
Kikubaaqudgha
Makhleb
Nemelex Xobeh
Okawaru
Qazlal
Ru
Sif Muna
Trog
Uskayaw
Vehumet
Wu Jian
Xom
Yredelemnul
Zin
The Shining One
Beogh
Jiyva

Shops:
D:4 *   D:8 [:   D:15 (*   Orc:2 ?*(

Portals:
Trove: D:13 (give 3 potions of resistance)

Annotations:
Orc:2 Rupert


Message History

You are even more entangled.
The jumping spider bites you but does no damage.
The tarantella touches you but does no damage.
Unknown command.
Unknown command.
The jumping spider misses you.
The jumping spider bites you but does no damage.
The tarantella touches you but does no damage.
The jumping spider barely misses you. The jumping spider bites you.
* * * LOW HITPOINT WARNING * * *
The jumping spider pounces on you but does no damage.
The jumping spider barely misses you.
The culicivora bites you but does no damage.
The jumping spider pounces on you but does no damage.
The jumping spider bites you but does no damage.
The moth of wrath goads the culicivora on!
The culicivora goes berserk!
The tarantella barely misses you. The jumping spider pounces on you!
* * * LOW HITPOINT WARNING * * *
The jumping spider bites you but does no damage.
The jumping spider pounces on you.
* * * LOW HITPOINT WARNING * * *
The jumping spider bites you but does no damage.
The jumping spider pounces on you but does no damage.
The jumping spider misses you. The culicivora barely misses you.
Unknown command.
Your magical effects are unravelling.
You feel magically purged.
You feel less confused.
The tarantella touches you but does no damage.
The jumping spider pounces on you!
* * * LOW HITPOINT WARNING * * *
You are caught in a web!
The jumping spider bites you but does no damage.
The culicivora bites you but does no damage.
The jumping spider pounces on you but does no damage.
The jumping spider bites you.
* * * LOW HITPOINT WARNING * * *
The tarantella touches you!
You die...

#......^.......
#... ......#...
#..!..#..#....
#.... .......#.
....s......#...
......#........
..$...ss.......
#@#
......sss....>.
..#............
.....(..#....?.
...#...........
.. ....^#...^..
. ^...... .....
.#.....# .....


You could see a culicivora (berserk), 4 jumping spiders and a tarantella
(berserk).

Vanquished Creatures
  Jorgrun (D:14)
  Kirke (D:15)
  Nessos (Lair:5)
  2 dire elephants (Lair:5)
  Josephine (D:13)
  4 vault guards (D:13)
  2 ice dragons (D:15)
  5 hydras
  Erolcha (D:13)
  2 catoblepae (Lair:5)
  An ogre mage (D:15)
  6 centaur warriors
  A radroach (Lair:3)
  6 boulder beetles
  11 death yaks
  4 orc high priests (Orc:2)
  A naga warrior (D:15)
  7 two-headed ogres
  A spriggan (Lair:2)
  2 skeletal warriors (Volcano)
  A deep troll (D:10)
  The ghost of banonogon the Trooper, a novice MiFi of Lugonu (D:5)
  4 orc knights
  A lindwurm (Lair:5)
  A wizard (D:15)
  3 wolf spiders (Lair:5)
  2 ugly things (D:13)
  An orc sorcerer (Orc:1)
  6 manticores
  4 merfolk sirens (Lair:3)
  A guardian serpent (Lair:5)
  5 cyclopes
  A naga mage (D:15)
  A cane toad (shapeshifter) (D:13)
  9 black mambas (Lair:5)
  12 elephants
  4 gargoyles
  12 cane toads
  2 torpor snails
  An efreet (D:13)
  7 komodo dragons
  A kobold demonologist (D:10)
  7 rime drakes
  3 meliai (D:12)
  2 tengu conjurers (D:15)
  11 trolls
  2 polar bears
  A tarantella (Lair:3)
  3 hornets
  9 blink frogs
  A jumping spider (Lair:3)
  7 dream sheep
  3 flying skulls (Volcano)
  2 alligator skeletons (Volcano)
  2 culicivoras (Lair:3)
  6 wraiths
  11 slime creatures
  14 wyverns
  A vampire (D:14)
  A hog (D:15)
  7 redbacks
  5 basilisks
  2 steam dragons
  34 yaks
  6 vampire mosquitoes
  2 wargs
  3 acid dragons
  19 water moccasins
  3 black bears
  15 orc warriors
  6 ice beasts
  27 wolves
  5 ogres
  7 centaurs
  6 kobold brigands
  2 scorpions (D:5)
  12 bullfrogs
  A gnoll sergeant (D:10)
  9 wights
  7 killer bees
  A troll skeleton (Volcano)
  3 electric eels
  A howler monkey (D:10)
  A gnoll bouda (D:7)
  2 hounds
  A jelly (D:7)
  30 orc priests
  8 iguanas
  3 sleepcaps
  31 orc wizards
  2 naga skeletons (Volcano)
  7 gnolls
  8 adders
  3 shadow imps
  8 white imps
  5 ufetubi (D:12)
  A worm (D:2)
  A dart slug (D:2)
  68 orcs
  6 ball pythons
  13 endoplasms
  5 giant cockroaches
  9 goblins
  4 hobgoblins
  9 jackals (D:1)
  3 quokkas
  7 bats
  3 frilled lizards
  41 kobolds
  5 rats
693 creatures vanquished.

Vanquished Creatures (collateral kills)
  A black mamba (Lair:5)
  A wyvern (Lair:5)
2 creatures vanquished.

Vanquished Creatures (others)
  Maurice (D:12)
  4 humans (D:15)
  A naga (D:15)
6 creatures vanquished.

Grand Total: 701 creatures vanquished

Notes
Turn   | Place    | Note
-------+----------+-------------------------------------------
     0 | D:1      | cdecastro the Hill Orc Fighter began the quest for the Orb.
     0 | D:1      | Reached XP level 1. HP: 19/19 MP: 1/1
    55 | D:1      | Reached skill level 3 in Axes
   173 | D:1      | Reached XP level 2. HP: 16/26 MP: 2/2
   271 | D:1      | Reached skill level 4 in Axes
   463 | D:1      | Reached XP level 3. HP: 31/31 MP: 3/3
   636 | D:1      | Reached skill level 5 in Axes
  1036 | D:2      | Reached XP level 4. HP: 38/39 MP: 4/4
  1274 | D:2      | Found a faded altar of an unknown god.
  1377 | D:2      | Identified the +3 scale mail of Recklessness {Will+ Str+3}
  1625 | D:2      | Reached skill level 6 in Axes
  1715 | D:3      | Reached XP level 5. HP: 36/45 MP: 5/5
  1962 | D:3      | Reached skill level 7 in Axes
  2113 | D:3      | Found a hide-covered altar of Uskayaw.
  2145 | D:3      | Became a worshipper of Uskayaw the Reveller
  2428 | D:3      | Reached * piety under Uskayaw
  2495 | D:4      | Found Sigaust's General Store.
  2573 | D:4      | Reached ** piety under Uskayaw
  2913 | D:4      | Noticed a black bear
  2922 | D:4      | Killed a black bear
  2922 | D:4      | Reached *** piety under Uskayaw
  2923 | D:4      | Reached skill level 8 in Axes
  2923 | D:4      | Reached XP level 6. HP: 43/51 MP: 6/6
  3127 | D:4      | Reached skill level 9 in Axes
  3326 | D:5      | Entered Level 5 of the Dungeon
  3489 | D:5      | Found a staircase to the Ecumenical Temple.
  3500 | D:5      | Reached skill level 10 in Axes
  3500 | D:5      | Reached XP level 7. HP: 24/57 MP: 7/7
  3629 | D:5      | Found a runed translucent gate.
  3630 | D:5      | Found a runed translucent gate.
  3630 | D:5      | Found a runed translucent gate.
  3631 | D:5      | Found an opulent altar of Gozag.
  3719 | D:5      | Reached skill level 5 in Fighting
  3834 | D:5      | Noticed banonogon's ghost (novice MiFi)
  4124 | D:5      | Found an ancient bone altar of Kikubaaqudgha.
  4129 | D:5      | Found a shimmering altar of Xom.
  4129 | D:5      | Found an ornate altar of the Wu Jian Council.
  4140 | D:5      | Found a glowing golden altar of the Shining One.
  4143 | D:5      | Found a white marble altar of Elyvilon.
  4464 | D:5      | Reached XP level 8. HP: 56/71 MP: 8/8
  4478 | Temple   | Entered the Ecumenical Temple
  4478 | Temple   | Found a transporter.
  4478 | Temple   | Found a transporter.
  4529 | Temple   | Found a transporter.
  4529 | Temple   | Found a transporter.
  4943 | D:6      | Found a snail-covered altar of Cheibriados.
  4944 | D:6      | Found a basalt altar of Yredelemnul.
  4944 | D:6      | Found a broken altar of Ashenzari.
  5126 | D:6      | Found a sacrificial altar of Ru.
  5536 | D:6      | Found an opulent altar of Gozag.
  5789 | D:6      | Reached skill level 10 in Fighting
  6076 | D:6      | Reached skill level 1 in Invocations
  6145 | D:7      | Reached XP level 9. HP: 73/85 MP: 9/11
  6224 | D:7      | Reached skill level 5 in Invocations
  6423 | D:7      | Reached skill level 11 in Axes
  6949 | D:7      | Reached skill level 12 in Axes
  7092 | D:8      | Found Cimiarch's Antique Armour Shoppe.
  7199 | D:8      | Reached skill level 5 in Armour
  8027 | D:8      | Found Nuussek's Tiny Tomes.
  8236 | D:9      | Reached **** piety under Uskayaw
  8237 | D:9      | Reached XP level 10. HP: 93/93 MP: 15/15
  8317 | D:9      | Identified the ring of Cowardice {Int+3 Dex+6 Stlth+}
  8365 | D:9      | Found a staircase to the Lair.
  8379 | D:9      | Noticed a cyclops
  8388 | D:9      | Killed a cyclops
  8679 | D:9      | Reached skill level 10 in Invocations
  9008 | D:10     | Entered Level 10 of the Dungeon
  9123 | D:10     | Reached skill level 13 in Axes
  9373 | D:10     | Found a staircase to the Orcish Mines.
  9537 | D:10     | Noticed a deep troll
  9573 | D:10     | Killed a deep troll
  9574 | D:10     | Reached skill level 14 in Axes
  9827 | D:10     | Reached skill level 1 in Dodging
 10085 | D:10     | Found a roughly hewn altar of Beogh.
 10096 | D:10     | Reached XP level 11. HP: 73/99 MP: 18/18
 10431 | D:10     | Reached skill level 5 in Dodging
 10687 | D:11     | Noticed a manticore
 10700 | D:11     | Killed a manticore
 11130 | D:11     | Reached ***** piety under Uskayaw
 11223 | D:11     | Noticed a cyclops
 11245 | D:11     | Killed a cyclops
 11636 | D:12     | Noticed a two-headed ogre
 11645 | D:12     | Killed a two-headed ogre
 12187 | D:12     | Found the +4 skin of Zhor {*Englaciate rC+++ SInv}
 12521 | D:12     | Noticed Maurice
 12576 | D:12     | Killed Maurice
 13197 | D:13     | Noticed a centaur warrior
 13385 | D:13     | Reached XP level 12. HP: 45/115 MP: 21/21
 13579 | D:13     | Found a portal to a secret trove of treasure.
 13896 | D:13     | Killed a centaur warrior
 13921 | D:13     | Noticed Erolcha
 14116 | D:4      | Bought a ring of see invisible for 195 gold pieces
 14116 | D:4      | Bought a potion of cancellation for 104 gold pieces
 14116 | D:4      | Bought 2 potions of invisibility for 208 gold pieces
 14116 | D:4      | Bought a scroll of silence for 123 gold pieces
 14761 | D:13     | Noticed a boulder beetle
 14777 | D:13     | Killed a boulder beetle
 15119 | D:13     | Found a gate to the Vaults.
 15119 | D:13     | Noticed a vault guard
 15119 | D:13     | Noticed a vault guard
 15119 | D:13     | Noticed a vault guard
 15119 | D:13     | Noticed a vault guard
 15119 | D:13     | Noticed a two-headed ogre
 15288 | Orc:1    | Entered Level 1 of the Orcish Mines
 15360 | Orc:2    | Entered Level 2 of the Orcish Mines
 15360 | Orc:2    | Found a staircase to the Elven Halls.
 15417 | Orc:1    | Reached skill level 15 in Fighting
 15772 | Orc:2    | Noticed Rupert
 15837 | Orc:2    | Noticed an orc high priest
 15846 | Orc:2    | Killed an orc high priest
 15848 | Orc:2    | Noticed an orc high priest
 15850 | Orc:2    | Noticed an orc high priest
 15853 | Orc:2    | Noticed a soul eater
 15856 | Orc:2    | Reached ****** piety under Uskayaw
 15860 | Orc:2    | Killed an orc high priest
 16162 | Orc:2    | Noticed a sun demon
 16211 | Orc:2    | Killed an orc high priest
 16341 | Orc:2    | Noticed an orc high priest
 16349 | Orc:2    | Noticed a sun demon
 16423 | Orc:2    | Killed an orc high priest
 16676 | Orc:2    | Found Puyr's Weapon Shoppe.
 16676 | Orc:2    | Found Raowir's Magic Scroll Emporium.
 16698 | Orc:2    | Found Vurrytt's Assorted Antiques.
 16771 | Orc:2    | Found Eshuva's Magic Scroll Shoppe.
 16786 | Orc:2    | Bought a scroll of magic mapping for 82 gold pieces
 16786 | Orc:2    | Bought a scroll of torment for 104 gold pieces
 16786 | Orc:2    | Bought a scroll of teleportation for 33 gold pieces
 16786 | Orc:2    | Bought a scroll of fog for 44 gold pieces
 16786 | Orc:2    | Bought a scroll of identify for 22 gold pieces
 16786 | Orc:2    | Bought 2 scrolls of identify for 44 gold pieces
 16786 | Orc:2    | Bought a scroll of enchant weapon for 82 gold pieces
 16786 | Orc:2    | Bought a scroll of teleportation for 33 gold pieces
 16786 | Orc:2    | Bought a scroll of immolation for 44 gold pieces
 16792 | Orc:2    | Bought a scroll of enchant armour for 112 gold pieces
 16810 | Orc:2    | Paralysed by Rupert for 2 turns
 16995 | D:5      | Killed banonogon's ghost
 17123 | Lair:1   | Entered Level 1 of the Lair of Beasts
 17389 | Lair:1   | Reached skill level 10 in Armour
 17389 | Lair:1   | Reached XP level 13. HP: 126/126 MP: 22/22
 17611 | Lair:1   | Reached skill level 15 in Axes
 18049 | Lair:1   | Reached skill level 16 in Axes
 18908 | Lair:2   | Reached skill level 1 in Evocations
 19486 | Lair:2   | Reached skill level 5 in Evocations
 20109 | Lair:3   | Reached XP level 14. HP: 134/135 MP: 24/24
 20480 | Lair:3   | Found a hole to the Spider Nest.
 20520 | Lair:3   | Found a staircase to the Shoals.
 20978 | Lair:4   | Found a dark tunnel.
 20994 | Volcano  | Entered a volcano
 22618 | Lair:4   | Found a staircase to the Slime Pits.
 22621 | Lair:4   | Found a viscous altar of Jiyva.
 22857 | Lair:5   | Entered Level 5 of the Lair of Beasts
 24177 | Lair:5   | Noticed Nessos
 25054 | D:13     | Killed Erolcha
 25386 | D:13     | Reached skill level 10 in Dodging
 25507 | D:13     | Reached XP level 15. HP: 141/141 MP: 25/25
 25515 | D:13     | Noticed Josephine
 25522 | D:13     | Killed Josephine
 25790 | D:13     | Reached skill level 17 in Axes
 26050 | D:14     | Noticed Jorgrun
 26066 | D:14     | Killed Jorgrun
 26502 | D:13     | Reached skill level 18 in Axes
 26609 | D:14     | Identified a scroll of acquirement
 26804 | D:15     | Entered Level 15 of the Dungeon
 26951 | D:15     | Found Boxeliq's Serpentskin Sales.
 27514 | D:15     | Reached skill level 15 in Invocations
 28223 | D:15     | Found Ejaekk's Weapon Boutique.
 28506 | D:15     | Noticed Kirke
 28521 | D:15     | Killed Kirke
 28905 | D:15     | Found a staircase to the Depths.
 28939 | D:15     | Acquired 606 gold pieces
 29187 | D:8      | Bought a slimy crystal plate armour for 1445 gold pieces
 29187 | D:8      | Identified the +8 crystal plate armour of Exclusion {rElec}
                  | (You bought it in a shop on level 8 of the Dungeon)
 30575 | Lair:5   | Reached XP level 16. HP: 86/152 MP: 28/28
 30872 | Lair:5   | Identified the +3 fire dragon scales "Feduoch" {Rampage
                  | rF++ rC- Dex+4}
 31156 | Lair:5   | Killed Nessos
 31571 | D:15     | Acquired 504 gold pieces
 31836 | Spider:1 | Entered Level 1 of the Spider Nest
 31950 | Lair:2   | HP: 5/157 [poisoned by a redback]
 32488 | Spider:1 | Mangled by a tarantella

Illustrated notes

Levels and vault maps discovered:
D:1:      spicycebolla_green_bress_n_ham_2, layout_basic,
          chequers_serial_rivers_room_b
D:2:      layout_loops_ring, shapermc_ecumenical_altar_pompeii, serial_glass,
          glass_columns_c, glass_columns_a, feat_on_display,
          due_unseen_surprise, feat_on_display, minmay_strange_pillars
D:3:      layout_loops_ring, lemuel_crystal_altar, kennysheep_generic_room_10
D:4:      black_bear_nest_2, layout_basic, serial_shops, shop
D:5:      layout_basic, minmay_overflow_temple_star_hex,
          minmay_temple_entry_hall, ebering_ghost_gozag, minmay_diced_spiral
D:6:      layout_gridville, lemuel_tele_altar, mainiacjoe_overflow_tiny_flanked,
          chequers_temple_overflow_statue_of_worship
D:7:      layout_rooms
D:8:      layout_cave_pods, serial_shops, shop, chequers_serial_rivers_large_b,
          nicolae_shop_i_like_small_books_too
D:9:      layout_basic, lair_entry_dummy
D:10:     lemuel_troll_bridge, layout_cross, minmay_orc_entry_temple_small
D:11:     layout_roguey, kennysheep_cluttered_room
D:12:     layout_roguey, serial_ice, serial_ice_d, serial_ice_i, serial_ice_m,
          serial_ice_e, serial_ice_n, serial_ice_h, serial_ice_g, serial_ice_a,
          hellmonk_guarded_unrand_zhor, uniq_maurice
D:13:     wander_river, layout_cave_pods, lightli_vaults_fourway_checkpoint,
          nicolae_trove_entry_diagonal, uniq_josephine, uniq_erolcha
D:14:     layout_basic, minmay_strange_pillars, uniq_jorgrun
D:15:     grunt_enter_depths_hoard, layout_long_grid, serial_shops,
          nicolae_shop_temple_entry_statues_fountains,
          chequers_serial_rivers_small_3, guppyfry_shop_venom, uniq_kirke
Temple:   hellmonk_temple_divided_pantheon
Lair:1:   layout_long_grid, infiniplex_staircase_pool, grunt_megastairs_1
Lair:2:   layout_loops_ring, grunt_forest_large_clearings, lemuel_fruit_tree
Lair:3:   layout_hall_layers, elwin_shoals_entry_stream,
          spider_nest_entry_rubble, fungi_pond_lemuel
Lair:4:   hellmonk_ruined_rings, layout_regular_city, slime_entry_1,
          nicolae_volcano_entry_hallway
Lair:5:   hangedman_lair_tendril_chambers, layout_regular_city,
          hangedman_lair_in_review, nicolae_quartered_pool_impasse, uniq_nessos
Spider:1: cheibrodos_forgotten_conduit
Orc:1:    layout_caves
Orc:2:    st_orc_mages, layout_caves, uniq_rupert

Skill      XL: |  1  2  3  4  5  6  7  8  9 10 11 12 13 14 15 16 |
---------------+-------------------------------------------------+-----
Axes           | 3 4 5 6 8 10 12 14 16 18 | 18.0
Fighting       | 6 10 13 15 16 17 | 17.9
Invocations    | 3 7 10 12 14 16 | 16.0
Armour         | 5 10 12 | 12.0
Dodging        | 3 5 10 | 10.0
Evocations     | 5 |  5.0
Shields        | |  3.2

Action                     |  1- 3 |  4- 6 |  7- 9 | 10-12 | 13-15 | 16-18 || total
---------------------------+-------+-------+-------+-------+-------+-------++-------
  Melee: War axe           |   119 |   190 |   196 |       |    25 |       ||   530
         Punch             |       |       |     4 |       |       |       ||     4
         Battleaxe         |       |       |   117 |   542 |   982 |    82 ||  1723
  Throw: Dart              |       |       |    10 |    16 |    13 |       ||    39
 Invoke: Grand Finale      |       |       |       |     1 |     3 |     1 ||     5
         Stomp             |       |       |       |     1 |       |       ||     1
         Line Pass         |       |       |       |       |     2 |       ||     2
  Evoke: Wand              |       |       |       |     5 |     2 |     3 ||    10
         Phial of floods   |       |       |       |       |     1 |       ||     1
         Phantom mirror    |       |       |       |       |     1 |       ||     1
    Use: Potion            |       |     1 |       |       |     1 |     4 ||     6
         Scroll            |       |       |       |    14 |    11 |     4 ||    29
   Stab: Paralysed         |       |     1 |    11 |    36 |    90 |    16 ||   154
         Sleeping          |       |       |       |     2 |     2 |       ||     4
         Distracted        |       |       |       |       |     2 |       ||     2
         Petrified         |       |       |       |       |     3 |     1 ||     4
         Confused          |       |       |       |       |     2 |       ||     2
 Armour: Scale mail        |    57 |    96 |   177 |   282 |   420 |       ||  1032
         Crystal plate arm |       |       |       |       |    64 |   152 ||   216
  Dodge: Dodged            |    63 |    94 |   169 |   377 |   628 |    73 ||  1404
